 Dungeon Crawl Stone Soup version 0.18-a0-707-g3781854 (webtiles) character file.

350 Geeful the Ruffian (level 6, -2/48 HPs)
             Began as a Human Wanderer on Dec 7, 2015.
             Slain by an ogre
             ... wielding a +0 giant club
              (19 damage)
             ... on level 3 of the Dungeon.
             The game lasted 00:13:00 (5109 turns).

Geeful the Ruffian (Human Wanderer)                 Turns: 5109, Time: 00:13:00

Health: -2/48      AC:  9    Str: 17    XL:     6   Next: 92%
Magic:  6/6        EV:  7    Int: 11    God:
Gold:   143        SH:  0    Dex: 11    Spells: 0 memorised, 5 levels left

rFire  . . .     SeeInvis .     a - +0 blowgun
rCold  . . .     Clarity  .     b - +1 chain mail
rNeg   + . .     SustAt   .     (no shield)
rPois  .         Gourm    .     (no helmet)
rElec  .         Spirit   .     (no cloak)
rCorr  .         Dismiss  .     (no gloves)
rMut   .         Stasis   .     (no boots)
MR     .....                    (no amulet)
Stlth  ..........               (no ring)
                                h - ring of positive energy

@: not resistant to hostile enchantments, extremely unstealthy
A: no striking features
a: no special abilities


You were on level 3 of the Dungeon.
You were not hungry.

You visited 1 branch of the dungeon, and saw 4 of its levels.

You collected 143 gold pieces.

Inventory:

Hand Weapons
 a - a +0 blowgun (weapon)
Armour
 b - a +1 chain mail (worn)
Jewellery
 h - a ring of positive energy (left hand)
Potions
 c - a potion of lignification
 m - a potion of mutation {unknown}
Comestibles
 e - 2 bread rations
 f - 2 royal jellies
 i - a slice of pizza
 k - 2 fruits
 n - a meat ration


   Skills:
 - Level 4.0 Fighting
 - Level 1.0 Throwing
 + Level 2.5 Armour
 - Level 2.0 Dodging
 - Level 1.0 Stealth
   Level 1.0 Shields
 * Level 5.9 Unarmed Combat


You had 5 spell levels left.
You didn't know any spells.

Dungeon Overview and Level Annotations

Branches:
Dungeon (4/15)
 Temple: D:4-7

Altars:
Dithmenos
Nemelex Xobeh


Message History

The ogre barely misses you.
Firing (i - inventory):
l - 2 poisoned needles (quivered)
Press: ? - help, Shift-Dir - straight line, f/p - ogre
Aim: an ogre, wielding a giant club (moderately wounded)
You shoot a poisoned needle. The poisoned needle hits the ogre!
The ogre is poisoned.
The ogre is moderately wounded.
The ogre hits you with a giant club!
* * * LOW HITPOINT WARNING * * *
You see here a giant spiked club.
Firing (i - inventory):
l - a poisoned needle (quivered)
Press: ? - help, Shift-Dir - straight line, f/p - ogre
Aim: an ogre, wielding a giant club (heavily wounded, poisoned)
You shoot a poisoned needle.
The poisoned needle barely misses the ogre.
The ogre looks more healthy.
You see here a poisoned needle.
You see here a giant spiked club.
The ogre hits you with a giant club!!
You die...

.....#######'####
#.#..###........#
#.#....'........#
#.#..###........#
#.#..##....#....##
#.........###....#
###.(.#..#####...#
##>...###.#'#..#
##.(###._.###@#
#...###.#+#O.#
#....#####..##
##....###...#
##....#..#.#
##.#.)....#
#.#####.## #.#
#..# #.# ##.##


You could see an ogre.

Vanquished Creatures
  An ogre (D:3)
  An orc priest (D:3)
  Terence (D:2)
  A worker ant (D:4)
  5 adders
  3 gnolls (D:3)
  4 worms (D:3)
  2 giant geckos
  5 orcs
  10 giant cockroaches
  7 goblins
  8 hobgoblins
  A jackal (D:1)
  6 kobolds
  A ball python (D:1)
  7 bats
  13 giant newts
  2 quokkas (D:3)
  21 rats
99 creatures vanquished.

Notes
Turn   | Place    | Note
--------------------------------------------------------------
     0 | D:1      | Geeful the Human Wanderer began the quest for the Orb.
     0 | D:1      | Geeful set off with: a +2 spear, a +0 hand axe, a potion of lignification, a +0 robe, a bread ration
     0 | D:1      | Reached XP level 1. HP: 19/19 MP: 1/1
   221 | D:1      | Reached skill level 1 in Unarmed Combat
   517 | D:1      | Reached XP level 2. HP: 25/25 MP: 2/2
  1042 | D:1      | Reached XP level 3. HP: 24/30 MP: 3/3
  2111 | D:2      | Reached XP level 4. HP: 27/37 MP: 4/4
  2750 | D:2      | Noticed Terence
  2786 | D:2      | Killed Terence
  2786 | D:2      | Reached XP level 5. HP: 13/42 MP: 5/5
  3644 | D:3      | Reached skill level 5 in Unarmed Combat
  3688 | D:3      | Found a shadowy altar of Dithmenos.
  3991 | D:3      | Reached XP level 6. HP: 25/48 MP: 6/6
  4271 | D:3      | Found a sparkling altar of Nemelex Xobeh.
  5109 | D:3      | Slain by an ogre

Vault maps used:
D:1:      erik_arrival_orb_chamber, minmay_lizard_king
D:2:      roderic_roman_lattice, uniq_terence
D:3:      nicolae_dithmenos_through_a_glass_darkly, first_bread,
          nemelex_diamond_rough_becter
D:4:      minmay_temple_entry_grid

Action                   |  1- 3 |  4- 6 || total
-------------------------+-------+-------++-------
Melee: Unarmed           |   228 |   298 ||   526
 Fire: Blowgun           |       |    12 ||    12
  Use: Scroll            |     1 |     7 ||     8
       Potion            |       |     1 ||     1
 Stab: Sleeping          |     1 |       ||     1
  Eat: Chunk             |     4 |    10 ||    14
